 Dungeon Crawl Stone Soup version 0.31-a0-728-g01b46875f1 (webtiles) character file.

Game seed: 11332550398438775820

6 DApurpleWHUMPUS the Caller (level 1, -3/14 HPs)
             Began as a Draconian Summoner on Sept 11, 2023.
             Slain by a gnoll
             ... wielding a +0 spear
              (5 damage)
             ... on level 1 of the Dungeon.
             The game lasted 00:00:40 (222 turns).

DApurpleWHUMPUS the Caller (Draconian Summoner)      Turns: 222, Time: 00:00:41

Health: -3/14      AC:  4    Str: 10    XL:     1   Next: 75%
Magic:  1/3        EV: 12    Int: 15    God:
Gold:   0          SH:  0    Dex: 11    Spells: 3/4 levels left

rFire   . . .        (no weapon)
rCold   . . .        (no shield)
rNeg    . . .        (body armour unavailable)
rPois   .            (helmet restricted)
rElec   .            (no cloak)
rCorr   .            (no gloves)
SInv    .            (no boots)
Will    .....        (no amulet)
Stlth   ++           (no ring)
HPRegen 0.22/turn    (no ring)
MPRegen 0.08/turn

%: no passive effects
@: no status effects
A: AC +4, unfitting armour, cold-blooded
a: no special abilities


You were on level 1 of the Dungeon.
You visited 1 branch of the dungeon, and saw 1 of its levels.

Inventory:

Scrolls
 b - a scroll of amnesia {unknown}
Potions
 a - a potion of magic


   Skills:
 - Level 1.7 Dodging
 - Level 1.7 Stealth
 + Level 2.2 Spellcasting
 + Level 4.1 Summonings


You had 3 spell levels left.
You knew the following spells:

 Your Spells              Type           Power      Damage    Failure   Level
a - Summon Small Mammal   Summ           56%        N/A       4%          1

Your spell library contained the following spells:

 Spells                   Type           Power      Damage    Failure   Level
 Call Imp                 Summ           28%        N/A       6%          2
 Call Canine Familiar     Summ           14%        N/A       12%         3
 Summon Guardian Golem    Hex/Summ       7%         N/A       28%         3
 Summon Lightning Spire   Summ/Air       7%         N/A       67%         4


Dungeon Overview and Level Annotations

Branches:
Dungeon (1/15)

Altars:


Innate Abilities, Weirdness & Mutations

Your plain brown scales are hard. (AC +4)
You cannot fit into any form of body armour.
You are cold-blooded and may be slowed by cold attacks.


Message History

Casting: Summon Small Mammal (safe; 4% risk of failure)
Confirm with . or Enter, or press ? or * to list all spells.
Casting: Summon Small Mammal (safe; 4% risk of failure)
Confirm with . or Enter, or press ? or * to list all spells.
Your bat closely misses the gnoll.
You swap places.
You swap places.
The gnoll shouts!
You hear an angry hiss.
Your bat hits the gnoll. The gnoll hits you but does no damage.
The gnoll hits you from afar with a +0 spear.
Your bat closely misses the gnoll.
Your bat hits the gnoll but does no damage.
Your rat bites the gnoll but does no damage.
The gnoll hits your rat with a +0 spear!
Your rat dies!
Your rat's corpse disappears in a puff of smoke!
Your bat hits the gnoll but does no damage. x2
Casting: Summon Small Mammal (safe; 4% risk of failure)
Confirm with . or Enter, or press ? or * to list all spells.
Your bat barely misses the gnoll.
A ball python comes into view.
Your bat hits the gnoll but does no damage. x2
A quokka comes into view.
The gnoll closely misses you.
Your bat hits the gnoll but does no damage.
Your bat barely misses the gnoll.
Your bat hits the gnoll but does no damage.
The gnoll hits you from afar with a +0 spear!
Ouch! That really hurt!
* * * LOW HITPOINT WARNING * * *
Your bat hits the gnoll but does no damage.
Your bat hits the gnoll. x2; Your bat barely misses the ball python.
Your bat hits the gnoll but does no damage.
A ball python comes into view.
The ball python bites your bat but does no damage.
The ball python barely misses your bat. The gnoll closely misses you.
Your bat hits the gnoll but does no damage.
Your bat hits the ball python. The gnoll attacks as it pursues you!
The gnoll hits you from afar with a +0 spear.
You die...

#. #. .# #.
.## #. ..# #.
#.####### #.
#....S...
#.###bS......
#.@.g.b#
#####..# #..#
#..# ##.##
#..## #...##
#.#..#
#.##.##


You could see a gnoll (ally target), 2 ball pythons and 2 friendly bats.

Vanquished Creatures
  A ball python (D:1)
1 creature vanquished.

Vanquished Creatures (collateral kills)
  A dart slug (D:1)
  A ball python (D:1)
  A hobgoblin (D:1)
3 creatures vanquished.

Grand Total: 4 creatures vanquished

Notes
Turn   | Place    | Note
-------+----------+-------------------------------------------
     0 | D:1      | DApurpleWHUMPUS the Draconian Summoner began the quest for
                  | the Orb.
     0 | D:1      | Reached XP level 1. HP: 14/14 MP: 3/3
   222 | D:1      | Slain by a gnoll

Illustrated notes

Levels and vault maps discovered:
D:1:      nagdon_arrival_double_spiral, layout_basic,
          dreamdust_ecumenical_altar_hidden_monk_grotto

Action                     || total
---------------------------++-------
  Melee: Unarmed           ||     9
         Tailslap          ||     3
   Cast: Summon Small Mamm ||     7
   Stab: Sleeping          ||     1
 Armour: Skin              ||     8
  Dodge: Dodged            ||     8

Table legend: (Time is in decaauts)
 A = Elapsed time spent in this place.
 B = Non-inter-level travel time spent in this place.
 C = Inter-level travel time spent in this place.
 D = Time resting spent in this place.
 E = Time spent auto-exploring this place.
 F = Levels seen in this place.
 G = Mean time per level.
                   A        B        C        D        E       F      G
               +--------+--------+--------+--------+--------+-----+--------+
         Total |    222 |    222 |      0 |      2 |    126 |   1 |  222.0 |
       Dungeon |    222 |    222 |      0 |      2 |    126 |   1 |  222.0 |
               +--------+--------+--------+--------+--------+-----+--------+

Top non-repeatable levels by time:
     D:1: 222 daAuts
